 Dungeon Crawl Stone Soup version 0.22-a0-248-gc8378ba (webtiles) character file.

34 Azzok the Skirmisher (level 3, -5/36 HPs)
             Began as a Gargoyle Berserker on Feb 28, 2018.
             Was a Follower of Trog.
             Slain by a gnoll
             ... wielding a +0 halberd
              (8 damage)
             ... on level 2 of the Dungeon.
             The game lasted 00:01:30 (811 turns).

Azzok the Skirmisher (Gargoyle Berserker)            Turns: 811, Time: 00:01:31

Health: -5/36      AC:  9    Str: 25    XL:     3   Next: 31%
Magic:  3/3        EV: 10    Int:  8    God:    Trog [*.....]
Gold:   56         SH:  0    Dex:  9    Spells: 2/2 levels left

rFire    . . .     SeeInvis .   a - +0 falchion
rCold    . . .     Gourm    .   (no shield)
rNeg     + . .     Faith    .   i - +0 scale mail
rPois    ∞         Spirit   .   (no helmet)
rElec    +         Reflect  .   (no cloak)
rCorr    .         Harm     .   (no gloves)
MR       .....                  (no boots)
Stlth    ..........             d - amulet of regeneration
HPRegen  0.52/turn              (no ring)
MPRegen  0.08/turn              (no ring)

@: berserking, very quick
A: negative energy resistance 1, electricity resistance, unbreathing,
petrification resistance, rot immunity, AC +3
a: Berserk, Renounce Religion


You were on level 2 of the Dungeon.
You worshipped Trog.
Trog was aware of your devotion.
You were hungry.

You visited 1 branch of the dungeon, and saw 2 of its levels.

You collected 56 gold pieces.

Inventory:

Hand Weapons
 a - a +0 falchion (weapon)
Armour
 i - a +0 scale mail (worn)
Jewellery
 d - an amulet of regeneration (around neck)
Scrolls
 b - 2 scrolls of identify {unknown}
 h - a scroll of magic mapping {unknown}
Potions
 e - a potion of haste {unknown}
 g - 2 potions of curing {unknown}
 j - a potion of degeneration {unknown}
Comestibles
 c - 2 rations
 f - 3 chunks of flesh


   Skills:
 + Level 4.7 Fighting
 - Level 2.6 Long Blades
 - Level 2.1 Armour
 - Level 1.5 Dodging


You had 2 spell levels left.
You didn't know any spells.

Dungeon Overview and Level Annotations

Branches:
Dungeon (2/15)

Altars:


Innate Abilities, Weirdness & Mutations

You are resistant to torment.
Your stone body is resilient. (AC +3)
You are immune to poison.
You resist negative energy. (rN+)
You are resistant to electric shocks. (rElec)
You can survive without breathing.
You are immune to petrification.
You are immune to rotting.


Message History

The gnoll closely misses you.
Your scale mail prevents you from hitting the gnoll.
The gnoll closely misses you.
A goblin comes into view.
You slash the gnoll!
The gnoll is severely wounded.
The kobold throws a stone.
The stone barely misses you. The gnoll hits you but does no damage.
The goblin moves out of view.
You hit the gnoll.
The gnoll is almost dead.
The kobold throws a stone.
The stone misses you.
The gnoll hits you from afar with a halberd.
* * * LOW HITPOINT WARNING * * *
The gnoll closely misses you.
You are feeling hungry.
You slash the gnoll!
You kill the gnoll!
Trog accepts your kill.
The gnoll hits you from afar with a halberd!
You die...

▒··▒ ▒········▒▒ ▒▒·▒
▒········▒ ▒·▒▒
▒········▒ ▒··▒
▒········▒ ▒▒·▒
▒········▒ ▒·▒▒
▒·········▒ ▒··▒▒
▒▒·▒▒<▒▒▒·▒
▒··▒▒··▒▒▒▒▒·····▒▒·▒
··
▒·····K@)gg·▒▒···▒·▒
▒· ▒▒▒▒▒·▒▒▒▒gg▒ ▒%▒
·▒ ▒·▒ ▒·▒ ▒·▒ ▒·▒ ·
▒K


You could see 3 gnolls, a goblin and a kobold.

Vanquished Creatures
  A gnoll (D:2)
  7 goblins
  6 bats
  A frilled lizard (D:1)
  4 kobolds (D:1)
  5 rats
24 creatures vanquished.

Notes
Turn   | Place    | Note
-------+----------+-------------------------------------------
     0 | D:1      | Azzok the Gargoyle Berserker began the quest for the Orb.
     0 | D:1      | Reached XP level 1. HP: 14/14 MP: 1/1
   234 | D:1      | Reached XP level 2. HP: 20/20 MP: 2/2
   249 | D:1      | Reached skill level 4 in Fighting
   787 | D:2      | Reached XP level 3. HP: 24/24 MP: 3/3
   811 | D:2      | Slain by a gnoll

Vault maps used:
D:1:      scummos_arrival_star
D:2:      first_ration

Skill      XL: |  1  2 |
---------------+-------+-----
Fighting       | 4 |  4.7
Long Blades    | |  2.6
Armour         | |  2.1
Dodging        | |  1.5

Action                   || total
-------------------------++-------
Melee: Falchion          ||    55
Invok: Berserk           ||     1
Armor: Animal skin       ||     7
       Scale mail        ||    22
Dodge: Dodged            ||    53
       Rpst.: Falchion   ||    19

Table legend:
 A = Spawn XP
 B = Non-spawn XP
 C = Spawn XP percentage of total XP
 D = Spawn monster count
 E = Non-spawn monster count
 F = Spawn count percentage of total count
 G = Total turns spent on level
                    A         B        C        D         E        F      G
               +---------+---------+-------+---------+---------+-------+---------
         Total |       0 |      49 |   0.0 |       0 |      24 |   0.0 |   811
               +---------+---------+-------+---------+---------+-------+---------
           D:1 |       0 |      30 |   0.0 |       0 |      20 |   0.0 |   735
           D:2 |       0 |      19 |   0.0 |       0 |       4 |   0.0 |    76
               +---------+---------+-------+---------+---------+-------+---------
